AoeStats
← Boar

Yucatan

510352823Analyzed
4v4 RM · 2d ago on Sep 30, 2026· 22m 42s· 8 players
Game mode
Random Map
Map size
Large (8 player)
Population
200
Speed
Normal
Resources
Standard
Victory
Conquest
Starting age
Dark Age
Ending age
Imperial Age
RankedLock teamsTeams togetherTeam positionsShared explorationLock speedFull tech treeHidden civsTurbo modeCheats
Victory
Defeat
🇸🇪 Magyars · Sweden
1476
+12
🇸🇪 Mongols · Sweden
1468
+13
🇸🇪 Varangians · Sweden
1445
+13
🇸🇪 Chinese · Sweden
1158
+25
🇨🇳 Hindustanis · China
1419
-17
🇨🇭 Britons · Switzerland
1381
-16
🇧🇩 Magyars · Bangladesh
1374
-15
🇨🇳 Varangians · China
1362
-15
Gunslinger
6:28 Loom
9:09 Feudal Age
9:42 Double-Bit Axe
12:26 Scale Barding Armor
14:46 Horse Collar
22:17 Castle Age
ChnebelSchnägg
6:59 Loom
9:58 Feudal Age
11:46 Town Watch
14:15 Fletching
16:19 Padded Archer Armor
23:39 Castle Age
Boar
11:20 Feudal Age
11:49 Double-Bit Axe
13:24 Loom
19:01 Castle Age
18:12 Horse Collar
20:47 Bow Saw
不会进攻
11:33 Feudal Age
11:46 Loom
16:08 Castle Age
13:56 Double-Bit Axe
14:41 Stone Mining
Creweer
10:54 Feudal Age
9:10 Loom
10:58 Feudal Age
13:08 Double-Bit Axe
15:26 Castle Age
14:18 Scale Barding Armor
17:11 Bow Saw
18:04 Forging
18:59 Horse Collar
J.D.Rehn
1:26 Loom
10:50 Feudal Age
15:03 Fletching
17:13 Gold Mining
20:28 Castle Age
19:42 Padded Archer Armor
21:04 Double-Bit Axe
22:01 Gold Shaft Mining
22:02 Bow Saw
21:44 Crossbowman
22:49 Ballistics
Gripen
7:05 Loom
8:51 Feudal Age
9:50 Double-Bit Axe
18:07 Castle Age
17:08 Scale Barding Armor
18:31 Light Cavalry
19:22 Bloodlines
KalasKula
9:00 Feudal Age
10:02 Double-Bit Axe
10:19 Loom
11:27 Horse Collar
18:36 Castle Age
16:59 Bloodlines
17:20 Scale Barding Armor
18:11 Gold Mining
18:42 Light Cavalry
Connection lost

Rejoining the realm…

Still unreachable

The connection could not be restored.

Session expired

The server has moved on; the page needs a fresh start.